 Dungeon Crawl Stone Soup version 0.31-a0-986-g5e6e4ef867 (webtiles) character file.

Game seed: 1765066418756080906

70 Fodor the Covered (level 4, -3/40 HPs)
             Began as a Minotaur Fighter on Nov 20, 2023.
             Slain by an ice beast (12 damage)
             ... on level 3 of the Dungeon on Nov 21, 2023.
             The game lasted 00:08:57 (1772 turns).

Fodor the Covered (Minotaur Fighter)                Turns: 1772, Time: 00:08:58

Health: -3/40      AC:  8    Str: 22    XL:     4   Next: 3%
Magic:  3/3        EV:  9    Int:  5    God:
Gold:   104        SH:  4    Dex: 10    Spells: 3/3 levels left

rFire   . . .        a - +0 war axe
rCold   . . .        c - +0 buckler
rNeg    . . .        b - +0 scale mail
rPois   .            (helmet restricted)
rElec   .            (no cloak)
rCorr   .            (no gloves)
SInv    .            h - +0 pair of boots
Will    +....        (no amulet) Stlth
                     k - ring of willpower
HPRegen 0.26/turn    (no ring)
MPRegen 0.08/turn

%: no passive effects
@: no status effects
A: horns 2, retaliatory headbutt
a: no special abilities


You were on level 3 of the Dungeon.
You visited 1 branch of the dungeon, and saw 3 of its levels.

You collected 104 gold pieces.

Inventory:

Hand Weapons
 a - a +0 war axe (weapon)
Missiles
 l - 2 atropa-tipped darts
Armour
 b - a +0 scale mail (worn)
 c - a +0 buckler (worn)
 h - a +0 pair of boots (worn)
Jewellery
 i - a ring of ice
 k - a ring of willpower (left hand)
Scrolls
 g - a scroll of identify {unknown}
 j - a scroll of immolation {unknown}
Potions
 d - a potion of might
 e - a potion of brilliance {unknown}
 f - a potion of mutation {unknown}
 m - a potion of degeneration {unknown}
 n - a potion of resistance {unknown}


   Skills:
 + Level 4.1 Fighting
 + Level 3.3 Axes
 + Level 4.4 Armour
 + Level 0.8 Dodging
 + Level 0.1 Stealth
 + Level 4.1 Shields


You had 3 spell levels left.
You didn't know any spells.
Your spell library contained the following spells:

 Spells                   Type           Power      Damage    Failure   Level
 Sting                    Tmut/Pois      0%         1d3       86%         1
 Poisonous Vapours        Pois/Air       0%         N/A       94%         2
 Frozen Ramparts          Ice            0%         1d1       99%         3
 Olgreb's Toxic Radiance  Pois           0%         N/A       100%        4
 Petrify                  Tmut/Erth      0%         N/A       100%        4
 Metabolic Englaciation   Hex/Ice        0%         N/A       100%        5


Dungeon Overview and Level Annotations

Branches:
Dungeon (3/15)

Altars:

Shops:
D:2 *![**


Innate Abilities, Weirdness & Mutations

You have a pair of horns on your head.
You reflexively headbutt those who attack you in melee.


Message History

You feel agile.
You now have 104 gold pieces (gained 19).
Found a stone staircase leading up.
Found a rapier.
A kobold comes into view. It is wielding a +0 short sword.
The kobold shouts!
A bat comes into view.
Found a stone staircase leading down.
An ice beast comes into view.
The kobold hits you but does no damage.
You hit the kobold.
The kobold is severely wounded.
The kobold closely misses you. You furiously retaliate!
You headbutt the kobold.
You kill the kobold!
You slash the bat!
You kill the bat!
The ice beast hits you. The ice beast freezes you.
The ice beast attacks as it pursues you!
The ice beast barely misses you.
Things that are here:
a +0 short sword; 2 stones; a bat corpse You barely miss the ice beast.
You block the ice beast's attack.
You closely miss the ice beast. You headbutt the ice beast.
The ice beast is lightly wounded.
The ice beast hits you. The ice beast freezes you!
The ice beast barely misses you.
You hit the ice beast.
The ice beast is moderately wounded.
The ice beast hits you. The ice beast freezes you!
* * * LOW HITPOINT WARNING * * *
You hit the ice beast. Your headbutt misses the ice beast.
The ice beast is moderately wounded.
The ice beast hits you but does no damage.
You slash the ice beast!
The ice beast is severely wounded.
The ice beast hits you.
* * * LOW HITPOINT WARNING * * *
The ice beast freezes you!
You die...

# #. ##.##### ##
...#<.) .. ..... .#
#.#.# .###.##
##.#.#####....... ###
#.......Y@....>..
......#..#########.##
... ##.## ...###.#
##.# ...# #..###.##
...# #...#.##
...###..#..#
.....#..##.# ...#.#.#
#.#


You could see an ice beast.

Vanquished Creatures
  2 adders (D:2)
  A worm (D:2)
  6 endoplasms
  3 giant cockroaches
  5 goblins
  5 hobgoblins
  3 kobolds
  3 quokkas
  4 ball pythons
  5 bats
  3 frilled lizards
  4 rats
44 creatures vanquished.

Notes
Turn   | Place    | Note
-------+----------+-------------------------------------------
     0 | D:1      | Fodor the Minotaur Fighter began the quest for the Orb.
     0 | D:1      | Reached XP level 1. HP: 19/19 MP: 0/0
   237 | D:1      | Reached XP level 2. HP: 27/27 MP: 1/1
   766 | D:2      | Found Umna Ino's Assorted Antiques.
   773 | D:2      | Found a faded altar of an unknown god.
   783 | D:2      | Found Qovocsip's Distillery.
   876 | D:2      | Found Gulis's Assorted Antiques.
   961 | D:2      | Found Ulopatoo's Assorted Antiques.
   971 | D:2      | Reached XP level 3. HP: 33/33 MP: 2/2
  1174 | D:2      | Found Zotsaust's Antique Armour Shop.
  1735 | D:3      | Reached XP level 4. HP: 40/40 MP: 3/3
  1763 | D:3      | Noticed an ice beast
  1772 | D:3      | Slain by an ice beast

Illustrated notes

Levels and vault maps discovered:
D:1:      heliophobic_arrival_enchanted_forest, layout_loops_ring
D:2:      layout_basic, hellmonk_ecumenical_altar_run_dry, serial_shops,
          nicolae_shop_industrial_runoff, nicolae_shop_tiny_waterfront, shop,
          shop_statue, shop, st_stairs_7
D:3:      layout_loops_ring, chequers_temple_overflow_statue_of_worship

Skill      XL: |  1  2  3 |
---------------+----------+-----
Armour         | 4 |  4.4
Fighting       | 4 |  4.1
Shields        | 4 |  4.1
Axes           | 3 |  3.3
Dodging        | |  0.8
Stealth        | |  0.1

Action                     |  1- 3 |  4- 6 || total
---------------------------+-------+-------++-------
  Melee: War axe           |    86 |     7 ||    93
         Headbutt          |    13 |     1 ||    14
 Armour: Scale mail        |    55 |     6 ||    61
  Dodge: Dodged            |    54 |     3 ||    57
  Block: Buckler           |    22 |     1 ||    23

Table legend: (Time is in decaauts)
 A = Elapsed time spent in this place.
 B = Non-inter-level travel time spent in this place.
 C = Inter-level travel time spent in this place.
 D = Time resting spent in this place.
 E = Time spent auto-exploring this place.
 F = Levels seen in this place.
 G = Mean time per level.
                   A        B        C        D        E       F      G
               +--------+--------+--------+--------+--------+-----+--------+
         Total |   1807 |   1713 |     94 |    381 |      0 |   3 |  602.3 |
       Dungeon |   1807 |   1713 |     94 |    381 |      0 |   3 |  602.3 |
               +--------+--------+--------+--------+--------+-----+--------+

Top non-repeatable levels by time:
     D:2: 935 daAuts
     D:1: 764 daAuts
     D:3: 107 daAuts
